 Dungeon Crawl Stone Soup version 0.17.1-3-g152610e (webtiles) character file.

455 Gargoyl the Skirmisher (level 6, -2/49 HPs)
             Began as a Demonspawn Abyssal Knight on Mar 20, 2016.
             Was a Believer of Lugonu.
             Slain by a hog (4 damage)
             ... on level 4 of the Dungeon.
             The game lasted 00:09:44 (4162 turns).

Gargoyl the Skirmisher (Demonspawn Abyssal Knight)  Turns: 4162, Time: 00:09:44

Health: -2/49      AC: 11    Str: 14    XL:     6   Next: 76%
Magic:  7/7        EV:  7    Int: 14    God:    Lugonu [**....]
Gold:   89         SH:  0    Dex: 12    Spells: 0 memorised, 5 levels left

rFire  . . .     SeeInvis .     a - +1 hand axe
rCold  . . .     Clarity  .     y - +0 chain mail
rNeg   . . .     SustAt   .     (no shield)
rPois  .         Gourm    .     (no helmet)
rElec  .         Spirit   .     (no cloak)
rCorr  .         Warding  .     (no gloves)
rMut   .         Stasis   .     (no boots)
MR     .....                    (no amulet)
Stlth  +.........               (no ring)
                                (no ring)

@: not resistant to hostile enchantments, very unstealthy
A: yellow scales 1, nightstalker 2
a: Depart the Abyss, Bend Space, Renounce Religion


You were on level 4 of the Dungeon.
You worshipped Lugonu.
Lugonu was pleased with you.
You were not hungry.

You visited 1 branch of the dungeon, and saw 4 of its levels.
You visited the Abyss 1 time.

You collected 89 gold pieces.

Inventory:

Hand Weapons
 a - a +1 hand axe (weapon)
Armour
 y - a +0 chain mail (worn)
Wands
 u - a wand of polymorph (0)
Scrolls
 b - a scroll of fear {unknown}
 g - 3 scrolls of teleportation {unknown}
 i - 4 scrolls of identify {unknown}
 l - a scroll of remove curse {unknown}
 o - a scroll of blinking {unknown}
 q - a scroll of recharging {unknown}
 t - a scroll of random uselessness {unknown}
 x - a scroll of noise {unknown}
Potions
 e - a potion of agility
 f - a potion of degeneration {unknown}
 h - a potion of curing {unknown}
 j - a potion of lignification {unknown}
 k - a potion of ambrosia {unknown}
 m - 2 potions of brilliance {unknown}
 n - a potion of mutation {unknown}
 p - 3 potions of flight
 s - a potion of might {unknown}
Comestibles
 c - 2 bread rations
 d - a chunk of flesh
 r - 3 fruits
 w - a beef jerky


   Skills:
 + Level 4.4 Fighting
 + Level 2.9 Axes
 + Level 3.7 Armour
 + Level 3.3 Dodging
 + Level 1.5 Stealth
 + Level 2.5 Invocations


You had 5 spell levels left.
You didn't know any spells.

Dungeon Overview and Level Annotations

Branches:
Dungeon (4/15)
 Temple: D:4-7

Altars:
Kikubaaqudgha
Okawaru
Ru
Vehumet


Innate Abilities, Weirdness & Mutations

You are partially covered in yellow scales (AC +2).
You are significantly more attuned to the shadows.


Message History

The hog bites you.
* * * LOW HITPOINT WARNING * * *
You fail to use your ability.
The hog bites you but does no damage. Space bends around you!
You blink.
* * * LOW HITPOINT WARNING * * *
You feel slightly more hungry. The hog bites you!
* * * LOW HITPOINT WARNING * * *
The hog bites you but does no damage.
Zapping:
u - a wand of polymorph {zapped: 9} (will waste charges)
Press: ? - help, Shift-Dir - straight line, f/p - hog
Aim: a hog (lightly wounded, chance to defeat MR: 46%)
The hog resists with some effort.
Evoking this partially-identified wand wasted a few charges.
The hog barely misses you.
Zapping:
u - a wand of polymorph {zapped: 12} (will waste charges)
Press: ? - help, Shift-Dir - straight line, f/p - hog
Aim: a hog (lightly wounded, chance to defeat MR: 46%) Nothing appears to happen.
The hog bites you.
You die...

#.### #.#...##..#####.. ### #...#
#..........##
..#####.###.###.####.......
..................###.#....
###.###........#.................
#..##........###.##.#####......
##...........# #..#.###........
####.........###.#.##.........
#.........@h...............
#...<....#####.#.........).
#........# #............รท..
#........# #.#.###.........
#........# #.### ##...##...
#........# ### #########
##########


You could see a hog.

Vanquished Creatures
  Grinder (D:3)
  An orc priest (D:3)
  A hound (D:3)
  Jessica (D:3)
  An iguana (D:4)
  A worker ant (D:4)
  5 adders
  4 worms
  5 orcs
  8 bats
  7 giant cockroaches
  6 goblins
  4 hobgoblins
  6 jackals
  6 kobolds
  A ball python (D:1)
  2 giant geckos
  4 giant newts
  6 rats
70 creatures vanquished.

Notes
Turn   | Place    | Note
--------------------------------------------------------------
     0 | Abyss:1  | Gargoyl the Demonspawn Abyssal Knight began the quest for the Orb.
     0 | Abyss:1  | Reached XP level 1. HP: 18/18 MP: 2/2
     1 | Abyss:1  | Found a corrupted altar of Lugonu.
    47 | Abyss:1  | Noticed a small abomination
    55 | Abyss:1  | Noticed a large abomination
    66 | Abyss:1  | Noticed a spatial vortex
    68 | Abyss:1  | Noticed a spatial vortex
    69 | Abyss:1  | Noticed a neqoxec
    69 | D:1      | Escaped the Abyss
   514 | D:1      | Reached * piety under Lugonu
   514 | D:1      | Gained mutation: You are partially covered in yellow scales (AC +2). [demonic ancestry]
   514 | D:1      | Reached XP level 2. HP: 24/24 MP: 3/3
   652 | D:1      | Reached skill level 1 in Dodging
  1203 | D:2      | Found a faded altar to an unknown god.
  1314 | D:2      | Gained mutation: You are slightly more attuned to the shadows. [demonic ancestry]
  1314 | D:2      | Reached XP level 3. HP: 26/29 MP: 4/4
  2129 | D:2      | Found an iron altar of Okawaru.
  2180 | D:2      | Found a radiant altar of Vehumet.
  2210 | D:2      | Gained mutation: You are significantly more attuned to the shadows. [demonic ancestry]
  2210 | D:2      | Reached XP level 4. HP: 33/37 MP: 5/5
  2607 | D:3      | Reached ** piety under Lugonu
  2813 | D:3      | Found a sacrificial altar of Ru.
  2818 | D:3      | Noticed Grinder
  2824 | D:3      | Paralysed by Grinder for 7 turns
  2884 | D:3      | Killed Grinder
  2884 | D:3      | Reached skill level 4 in Fighting
  2884 | D:3      | Reached skill level 1 in Stealth
  2884 | D:3      | Reached XP level 5. HP: 39/42 MP: 6/6
  2884 | D:3      | Reached XP level 6. HP: 44/48 MP: 7/7
  2940 | D:3      | Noticed Jessica
  2955 | D:3      | Killed Jessica
  3673 | D:4      | Found an ancient bone altar of Kikubaaqudgha.
  4141 | D:4      | Noticed a hog
  4141 | D:4      | an ogre changed into a hog
  4156 | D:4      | HP: 1/49 [hog (7)]
  4162 | D:4      | Slain by a hog

Action                   |  1- 3 |  4- 6 || total
-------------------------+-------+-------++-------
Melee: Hand axe          |   161 |   136 ||   297
       Unarmed           |       |     7 ||     7
Throw: Tomahawk          |       |     4 ||     4
Invok: Depart the Abyss  |     1 |       ||     1
       Bend Space        |       |     1 ||     1
Evoke: Wand              |       |     2 ||     2
  Use: Potion            |     1 |     2 ||     3
 Stab: Sleeping          |       |     2 ||     2
  Eat: Chunk             |     4 |     7 ||    11
